 Dungeon Crawl Stone Soup version 0.30-a0-137-gd8773701ce (webtiles) character file.

Game seed: 7989976279374193632

421 jimonade the Covert (level 7, 0/40 HPs)
             Began as a Kobold Brigand on Sept 21, 2022.
             Slain by an iguana (10 damage)
             ... on level 5 of the Dungeon.
             The game lasted 00:04:01 (3602 turns).

jimonade the Covert (Kobold Brigand)                Turns: 3602, Time: 00:04:02

Health: 0/40       AC:  6    Str:  9    XL:     7   Next: 16%
Magic:  7/7        EV: 12    Int: 12    God:
Gold:   83         SH:  0    Dex: 18    Spells: 6/6 levels left

rFire   . . .      SeeInvis .    a - +1 dagger (venom)
rCold   . . .      Faith    .    (no shield)
rNeg    . . .      Spirit   .    p - +0 ring mail "Keitud" {rElec Will- Stlth+}
rPois   .          Reflect  .    (no helmet)
rElec   +          Harm     .    c - +0 cloak
rCorr   .          Rampage  .    (no gloves)
Will    .....                    (no boots)
Stlth   ++++++....               (no amulet)
HPRegen 0.13/turn                (no ring)
MPRegen 0.10/turn                (no ring)

@: no status effects
A: small, no large weapons, nightstalker 3
a: no special abilities


You were on level 5 of the Dungeon.
You visited 1 branch of the dungeon, and saw 5 of its levels.

You collected 83 gold pieces.

Inventory:

Hand Weapons
 a - a +1 dagger of venom (weapon)
 b - a +2 dagger
 g - a +1 mace of protection
 w - a +3 dagger
 x - a +0 sling
Missiles
 d - 9 poisoned darts (quivered)
 e - 3 curare-tipped darts
Armour
 c - a +0 cloak (worn)
 k - a +0 leather armour
 m - a +0 robe
 p - the +0 ring mail "Keitud" (worn) {rElec Will- Stlth+}
   (You found it on level 2 of the Dungeon)

   rElec:     It insulates you from electricity.
   Will:      It decreases your willpower.
   Stlth:     It makes you more stealthy.
Scrolls
 f - a scroll of noise {unknown}
 i - a scroll of magic mapping
 j - a scroll of teleportation
 o - a scroll of summoning {unknown}
 r - 3 scrolls of enchant armour {unknown}
 s - a scroll of vulnerability {unknown}
 v - a scroll of identify {unknown}
Potions
 h - a potion of heal wounds {unknown}
 l - a potion of brilliance {unknown}
 n - a potion of mutation {unknown}
 q - a potion of lignification {unknown}
 t - a potion of attraction {unknown}
 u - a potion of haste {unknown}


   Skills:
 - Level 2.1 Fighting
 * Level 6.2 Short Blades
 - Level 2.1 Throwing
 - Level 1.2 Dodging
 + Level 9.4 Stealth


You had 6 spell levels left.
You didn't know any spells.
Your spell library contained the following spells:

 Spells                   Type           Power      Damage    Failure   Level
 Apportation              Tloc           0%         N/A       67%         1
 Necrotise                Necr           0%         1d4       67%         1
 Summon Small Mammal      Summ           0%         N/A       67%         1


Dungeon Overview and Level Annotations

Branches:
Dungeon (5/15)
 Temple: D:4-7

Altars:


Innate Abilities, Weirdness & Mutations

You are small and have problems with some larger weapons.
You are completely attuned to the shadows.


Message History

You closely miss the adder.
The adder is heavily wounded.
You kill the adder!
No target in view!
No target in view!
You start resting.
You feel sick. x3
You are no longer poisoned.
You can't go down here!
You start resting.
HP restored.
You climb upwards.
The iguana bites you. The orc hits you but does no damage.
The giant cockroach closely misses you. The iguana misses you.
The orc hits you but does no damage.
There is a stone staircase leading down here.
The giant cockroach bites you. The giant cockroach barely misses you.
The iguana closely misses you. The orc hits you with a +0 flail!
You climb downwards.
There is a stone staircase leading up here.
You hit the giant cockroach.
The giant cockroach is severely wounded.
You hit the giant cockroach but do no damage.
The giant cockroach is severely wounded.
The giant cockroach barely misses you. The iguana bites you.
The orc hits you with a +0 flail.
You hit the iguana.
The iguana is poisoned.
The iguana is lightly wounded.
The giant cockroach bites you but does no damage.
The iguana completely misses you. The orc hits you with a +0 flail.
You hit the iguana but do no damage.
The iguana looks even sicker.
The iguana is lightly wounded.
The giant cockroach bites you.
You hit the iguana but do no damage.
The iguana looks as sick as possible!
The iguana is lightly wounded.
The orc barely misses you. The iguana bites you. The giant cockroach bites you.
You hit the iguana but do no damage.
The iguana looks as sick as possible!
The iguana is moderately wounded.
The orc hits you with a +0 flail!
* * * LOW HITPOINT WARNING * * *
The giant cockroach misses you. The iguana bites you!
You die...

#
####.#
#o@B.#
#l##.#
#. #
.. #..


You could see an iguana (extremely poisoned), an orc and a giant cockroach.

Vanquished Creatures
  Grinder (D:3)
  A bullfrog (D:4)
  An orc wizard (D:4)
  4 adders
  3 worms
  3 dart slugs
  4 ball pythons
  5 bats
  5 endoplasms
  2 giant cockroaches (D:2)
  9 goblins
  8 hobgoblins
  9 jackals
  A quokka (D:1)
  2 frilled lizards (D:1)
  7 kobolds
  3 rats (D:1)
68 creatures vanquished.

Notes
Turn   | Place    | Note
-------+----------+-------------------------------------------
     0 | D:1      | jimonade the Kobold Brigand began the quest for the Orb.
     0 | D:1      | Reached XP level 1. HP: 12/12 MP: 1/1
   127 | D:1      | Reached XP level 2. HP: 14/17 MP: 2/2
   390 | D:1      | Reached skill level 6 in Stealth
   719 | D:1      | Reached XP level 3. HP: 21/21 MP: 3/3
  1653 | D:2      | Reached XP level 4. HP: 26/26 MP: 4/4
  1873 | D:2      | Identified the +0 ring mail "Keitud" {rElec Will- Stlth+}
  2257 | D:2      | Found a faded altar of an unknown god.
  2593 | D:3      | Noticed Grinder
  2597 | D:3      | Killed Grinder
  2598 | D:3      | Reached skill level 5 in Short Blades
  2598 | D:3      | Reached skill level 8 in Stealth
  2598 | D:3      | Reached XP level 5. HP: 30/30 MP: 5/5
  2598 | D:3      | Reached XP level 6. HP: 35/35 MP: 6/6
  3339 | D:4      | Reached skill level 9 in Stealth
  3339 | D:4      | Reached XP level 7. HP: 24/40 MP: 7/7
  3516 | D:5      | Entered Level 5 of the Dungeon
  3602 | D:5      | Slain by an iguana

Illustrated notes

Levels and vault maps discovered:
D:1:      elethiomel_arrival_quiet, layout_basic
D:2:      layout_loops_corners, hellmonk_ecumenical_altar_leap_of_faith
D:3:      layout_loops_ring, uniq_grinder
D:4:      layout_gridville
D:5:      layout_loops_cross

Skill      XL: |  1  2  3  4  5  6 |
---------------+-------------------+-----
Short Blades   | 3 4 5 6 |  6.2
Stealth        | 6 8 9 |  9.4
Fighting       | |  2.1
Throwing       | |  2.1
Dodging        | |  1.2

Action                   |  1- 3 |  4- 6 |  7- 9 || total
-------------------------+-------+-------+-------++-------
Melee: Dagger            |    88 |    55 |    28 ||   171
       Punch             |     1 |     1 |       ||     2
  Use: Scroll            |     3 |       |       ||     3
 Stab: Sleeping          |    16 |    20 |     1 ||    37
Armor: Robe              |    15 |     2 |       ||    17
       Ring mail         |       |     7 |    11 ||    18
Dodge: Dodged            |    47 |    13 |    25 ||    85

Table legend: (Time is in decaauts)
 A = Elapsed time spent in this place.
 B = Non-inter-level travel time spent in this place.
 C = Inter-level travel time spent in this place.
 D = Time resting spent in this place.
 E = Time spent auto-exploring this place.
 F = Levels seen in this place.
 G = Mean time per level.
                   A        B        C        D        E       F      G
               +--------+--------+--------+--------+--------+-----+--------+
         Total |   3560 |   3444 |    116 |     71 |   2914 |   5 |  712.0 |
       Dungeon |   3560 |   3444 |    116 |     71 |   2914 |   5 |  712.0 |
               +--------+--------+--------+--------+--------+-----+--------+

Top non-repeatable levels by time:
     D:1: 1358 daAuts
     D:2: 1153 daAuts
     D:3: 679 daAuts
     D:4: 287 daAuts
     D:5: 81 daAuts
